 Dungeon Crawl Stone Soup version 0.31.0-11-ge490571c62 (webtiles) character file.

Game seed: 15830479745247941352

291 EonDragon20 the Changeling (level 6, -1/45 HPs)
             Began as a Merfolk Shapeshifter on Feb 8, 2024.
             Slain by Pikel
             ... wielding a +0 whip of flaming
              (9 damage)
             ... on level 4 of the Dungeon.
             The game lasted 00:08:52 (3282 turns).

EonDragon20 the Changeling (Merfolk Shapeshifter)   Turns: 3282, Time: 00:08:53

Health: -1/45      AC:  0    Str: 15    XL:     6   Next: 32%
Magic:  6/6        EV: 17    Int:  9    God:
Gold:   155        SH:  0    Dex: 15    Spells: 5/5 levels left

rFire   . .          .
                       - Unarmed
rCold   . . .        (shield currently unavailable)
rNeg    . . .        a - melded +0 animal skin
rPois   .            (no helmet)
rElec   .            (no cloak)
rCorr   .            (no gloves)
SInv    .            (no boots)
Will    .....        (no amulet)
Stlth   +            (no ring)
HPRegen 0.27/turn    (no ring)
MPRegen 0.10/turn

%: no passive effects
@: flux-form, glowing
A: glow, contaminating, (nimble swimmer 2), mertail
a: Begin Untransformation


You were on level 4 of the Dungeon.
You were something dangerously unstable.
You visited 1 branch of the dungeon, and saw 4 of its levels.

You collected 155 gold pieces.

Inventory:

Armour
 a - a +0 animal skin (melded)
Talismans
 c - a beast talisman
 d - a flux talisman (active)
Wands
 m - a wand of polymorph (9)
Scrolls
 f - 6 scrolls of identify {unknown}
 g - a scroll of amnesia {unknown}
 j - 4 scrolls of teleportation {unknown}
 l - a scroll of poison {unknown}
 n - a scroll of enchant weapon {unknown}
 p - 3 scrolls of blinking {unknown}
Potions
 b - 2 potions of lignification
 e - 2 potions of ambrosia {unknown}
 h - 2 potions of resistance {unknown}
 i - a potion of cancellation {unknown}
 k - a potion of curing {unknown}
 o - a potion of magic {unknown}


   Skills:
 * Level 2.3 Fighting
 * Level 3.8 Dodging
 * Level 4.0 Unarmed Combat
 - Level 7.2 Shapeshifting


You had 5 spell levels left.
You didn't know any spells.
Your spell library contained the following spells:

 Spells                   Type           Power      Damage    Failure   Level
 Shock                    Conj/Air       0%         1d3       38%         1
 Searing Ray              Conj           0%         2d4       52%         2
 Inner Flame              Hex/Fire       0%         N/A       77%         3
 Flame Wave               Conj/Fire      0%         2d4       99%         4
 Sticky Flame             Fire/Alch      0%         2d4       99%         4
 Arcjolt                  Conj/Air       0%         1d10      100%        5


Dungeon Overview and Level Annotations

Branches:
Dungeon (4/15)
 Temple: D:4-7

Altars:
Dithmenos
Gozag
Zin

Annotations:
D:4 Pikel


Innate Abilities, Weirdness & Mutations

You are something dangerously unstable.
You glow with magical radiation, making you easy to see and hit.
Foes you strike become dangerously contaminated with magical radiation.
You are incapable of wielding weapons or throwing items.
((You are very nimble when in or above water. (Stealth+, EV+, Speed+++)))
Your lower body shifts to a powerful aquatic tail in water.


Message History

A lemure comes into view.
You hit the lemure.
The lemure begins to glow.
The lemure is almost dead.
The lemure closely misses you.
You hit the lemure.
The lemure glows dangerously bright.
The lemure is almost dead.
The lemure hits you.
You hit the lemure.
You kill the lemure!
That felt strangely unrewarding.
You hit Pikel.
Pikel begins to glow.
Pikel is lightly wounded.
Pikel hits you with a +0 whip of flaming!
Pikel burns you.
You closely miss Pikel.
Pikel is lightly wounded.
Unknown command.
You closely miss Pikel.
Pikel is lightly wounded.
Pikel closely misses you.
A lemure comes into view.
The lemure shouts!
You hit Pikel.
Pikel glows dangerously bright.
Pikel is lightly wounded.
Pikel completely misses you.
You hit Pikel but do no damage.
Pikel shudders as magic cascades through him!!
Pikel twists and deforms.
Pikel is severely wounded.
Pikel hits you with a +0 whip of flaming!
* * * LOW HITPOINT WARNING * * *
Pikel burns you.
* * * LOW HITPOINT WARNING * * *
Okay, then.
Okay, then.
You hit Pikel.
Pikel begins to glow.
Pikel is severely wounded.
Pikel hits you with a +0 whip of flaming!
You die...
Pikel says, "See you in Hell!"

..........##### ###
..............##.... .
#######.####>....... . #.#
#<.........#
####.###........#.##
#.............#....
#.##.......#.##..# #
####...........#
#.........#p#.
#.##..#.###K# .
####.....#...55########.
..#....#...#.##..5..5K....
..#.#.##.....##.....5.....
..#.#.##..##.##...........
..#.#.##...#.##...........
..#.#.##.#.#.##...........
..#......#.†..<......."...


You could see Pikel (contam, misshapen) and 3 lemures.

Vanquished Creatures
  A lemure (D:4)
  A scorpion (D:4)
  2 iguanas
  Terence (D:3)
  An orc wizard (D:3)
  Robin (D:3)
  3 adders
  A gnoll (D:1)
  A dart slug (D:3)
  4 orcs (D:3)
  5 ball pythons
  3 endoplasms
  3 giant cockroaches
  12 hobgoblins
  8 kobolds
  A quokka (D:2)
  4 bats (D:1)
  13 goblins
  9 rats
74 creatures vanquished.

Notes
Turn   | Place    | Note
-------+----------+-------------------------------------------
     0 | D:1      | EonDragon20 the Merfolk Shapeshifter began the quest for
                  | the Orb.
     0 | D:1      | Reached XP level 1. HP: 15/15 MP: 1/1
    88 | D:1      | Got the Papyrus of Trauma
   135 | D:1      | Reached XP level 2. HP: 20/21 MP: 2/2
   539 | D:1      | Reached skill level 5 in Shapeshifting
   559 | D:1      | Reached XP level 3. HP: 25/26 MP: 3/3
  1236 | D:2      | Reached skill level 6 in Shapeshifting
  1236 | D:2      | Reached XP level 4. HP: 29/32 MP: 4/4
  1690 | D:3      | Noticed Robin
  1910 | D:3      | Found a shadowy altar of Dithmenos.
  1923 | D:3      | Killed Robin
  1954 | D:3      | Reached XP level 5. HP: 21/37 MP: 5/5
  2080 | D:3      | Noticed Terence
  2082 | D:3      | Found a glowing silver altar of Zin.
  2106 | D:3      | Killed Terence
  2107 | D:3      | Reached skill level 7 in Shapeshifting
  2771 | D:3      | Found an opulent altar of Gozag.
  2788 | D:3      | Reached XP level 6. HP: 42/44 MP: 6/6
  3262 | D:4      | Noticed Pikel
  3282 | D:4      | Slain by Pikel

Illustrated notes

Levels and vault maps discovered:
D:1:      sevenhm_arrival_forest_fort_small_3, layout_basic
D:2:      layout_basic
D:3:      layout_loops_corners, mainiacjoe_overflow_large_starburst,
          zin_academy, uniq_terence, uniq_robin
D:4:      layout_basic, minmay_lizard_king, uniq_grinder, uniq_pikel

Skill      XL: |  1  2  3  4  5  6 |
---------------+-------------------+-----
Shapeshifting  | 5 6 7 |  7.2
Dodging        | 3 |  3.8
Fighting       | 2 |  2.3
Unarmed Combat | 4 |  4.0

Action                     |  1- 3 |  4- 6 || total
---------------------------+-------+-------++-------
  Melee: Unarmed           |    62 |   144 ||   206
         Punch             |     1 |       ||     1
   Stab: Sleeping          |       |     1 ||     1
 Armour: Animal skin       |    29 |    24 ||    53
         Skin              |       |    24 ||    24
  Dodge: Dodged            |    35 |    89 ||   124
   Form: Flux              |       |     1 ||     1
